 Dungeon Crawl Stone Soup version 0.31.0-32-g396128a36d (webtiles) character file.

Game seed: 8209719406817059518

96 LoggersVIII the Sneak (level 4, -3/27 HPs)
             Began as an Octopode Earth Elementalist on Mar 19, 2024.
             Slain by an orc priest
             ... wielding a +0 flail
              (9 damage)
             ... on level 4 of the Dungeon on Mar 30, 2024.
             The game lasted 00:06:25 (2816 turns).

LoggersVIII the Sneak (Octopode Earth Elementalist) Turns: 2816, Time: 00:06:26

Health: -3/27      AC:  1    Str:  7    XL:     4   Next: 67%
Magic:  6/7        EV: 13    Int: 19    God:
Gold:   140        SH:  0    Dex: 12    Spells: 6/7 levels left

rFire   . . .        f - +0 dagger
rCold   . . .        (no shield)
rNeg    . . .        (helmet restricted)
rPois   .            (no amulet)
rElec   .            (no ring)
rCorr   .            (no ring)
SInv    .            (no ring)
Will    .....        (no ring)
Stlth   +++          (no ring)
HPRegen 0.24/turn    (no ring)
MPRegen 0.10/turn    (no ring)
                     (no ring)

%: no passive effects
@: no status effects
A: almost no armour, amphibious, 8 rings, camouflage 1, gelatinous body 1,
(nimble swimmer 1), tentacles
a: no special abilities


You were on level 4 of the Dungeon.
You visited 1 branch of the dungeon, and saw 4 of its levels.

You collected 140 gold pieces.

Inventory:

Hand Weapons
 f - a +0 dagger (weapon)
Potions
 a - a potion of magic
 b - 2 potions of heal wounds {unknown}
 c - 2 potions of ambrosia {unknown}
 d - a potion of brilliance {unknown}
 e - a potion of mutation {unknown}
 g - a potion of haste {unknown}
 h - a potion of degeneration {unknown}


   Skills:
 + Level 2.6 Dodging
 * Level 4.2 Stealth
 + Level 2.4 Spellcasting
 + Level 1.6 Conjurations
 * Level 3.7 Earth Magic


You had 6 spell levels left.
You knew the following spells:

 Your Spells              Type           Power      Damage    Failure   Level
a - Sandblast             Erth           32%        2d9       3%          1

Your spell library contained the following spells:

 Spells                   Type           Power      Damage    Failure   Level
 Passwall                 Erth           16%        N/A       11%         3
 Stone Arrow              Conj/Erth      24%        3d8       16%         3
 Jinxbite                 Hex            4%         N/A       24%         2
 Mercury Vapours          Alch/Air       4%         N/A       24%         2
 Mephitic Cloud           Conj/Alch/Air  4%         N/A       36%         3
 Brom's Barrelling Bould  Conj/Erth      12%        2d4       47%         4
 Petrify                  Alch/Erth      9%         N/A       58%         4
 Freezing Cloud           Conj/Ice/Air   2%         6-21      98%         5
 Yara's Violent Unravell  Hex/Alch       1%         3d3       99%         5
 Enfeeble                 Hex            1%         N/A       100%        7


Dungeon Overview and Level Annotations

Branches:
Dungeon (4/15)
 Temple: D:4-7

Altars:
Makhleb
Nemelex Xobeh
Vehumet
The Shining One


Innate Abilities, Weirdness & Mutations

You cannot wear most types of armour.
You are amphibious.
You can wear up to eight rings at the same time.
Your skin changes colour to match your surroundings (Stealth+).
Your rubbery body absorbs attacks. (AC +1, EV +1)
((You are camouflaged when in or above water. (Stealth+)))
You have tentacles for arms and can constrict up to eight enemies at once.


Message History

You kill the orc!
You hit the ball python. You grab the ball python. You squeeze the ball python.
The ball python is severely wounded.
You constrict the ball python.
You kill the ball python!
The orc priest calls down the wrath of Beogh upon you.
Beogh smites you!
Ouch! That really hurt!
* * * LOW HITPOINT WARNING * * *
Items here: )) [ †.
The orc priest looks satisfied for a moment.
Casting: Sandblast (safe; 3% risk of failure)
Confirm with . or Enter, or press ? or * to list all spells.
Aiming: Sandblast (safe; 3% risk of failure)
Press: ? - help, Shift-Dir - straight line, f - orc priest
Aim: an orc priest, wielding a +0 flail (82% to hit)
The blast of sand hits the orc priest.
The orc priest is lightly wounded.
The orc priest hits you with a +0 flail.
* * * LOW HITPOINT WARNING * * *
Casting: Sandblast (safe; 3% risk of failure)
Confirm with . or Enter, or press ? or * to list all spells.
Aiming: Sandblast (safe; 3% risk of failure)
Press: ? - help, Shift-Dir - straight line, f/p - orc priest
Aim: an orc priest, wielding a +0 flail (lightly wounded, 82% to hit)
The blast of sand hits the orc priest.
The orc priest is heavily wounded.
The orc priest misses you.
The orc priest hits you with a +0 flail.
* * * LOW HITPOINT WARNING * * *
Magic courses through your body. The orc priest misses you.
Casting: Sandblast (safe; 3% risk of failure)
Confirm with . or Enter, or press ? or * to list all spells.
Aiming: Sandblast (safe; 3% risk of failure)
Press: ? - help, Shift-Dir - straight line, f/p - orc priest
Aim: an orc priest, wielding a +0 flail (heavily wounded, 82% to hit)
The blast of sand hits the orc priest!
The orc priest is almost dead.
The orc priest hits you with a +0 flail!
You die...

#...<......#
####.##..#### #....
#..# #.### #..#
#.#####..########
#.##..†..†.......
#.##.##..##.#.#..
#.###)##.#.....##
#....@o<.##.....#
...$....#..#####.....
#########..# .###.
#).# .. #..# ## #.S#
#o.. #.### ..#


You could see an orc priest.

Vanquished Creatures
  2 adders
  2 ribbon worms
  2 dart slugs
  4 orcs (D:4)
  5 ball pythons
  An endoplasm (D:3)
  4 giant cockroaches
  6 goblins
  6 hobgoblins
  4 jackals (D:4)
  3 kobolds
  7 quokkas
  5 bats (D:1)
  2 frilled lizards
  5 rats
  A spectral goblin (D:2)
59 creatures vanquished.

Notes
Turn   | Place    | Note
-------+----------+-------------------------------------------
     0 | D:1      | LoggersVIII the Octopode Earth Elementalist began the quest
                  | for the Orb.
     0 | D:1      | Reached XP level 1. HP: 11/11 MP: 3/3
   255 | D:1      | Reached skill level 3 in Stealth
   273 | D:1      | Reached XP level 2. HP: 16/17 MP: 3/5
   556 | D:1      | Reached XP level 3. HP: 21/21 MP: 4/6
  1096 | D:2      | Found a radiant altar of Vehumet.
  1208 | D:2      | Found a faded altar of an unknown god.
  1229 | D:2      | Identified the +1 leather armour "Lomesuomo" {rN+}
  1488 | D:2      | Reached XP level 4. HP: 27/27 MP: 5/7
  1842 | D:3      | Found a burning altar of Makhleb.
  1873 | D:3      | Reached skill level 4 in Stealth
  2311 | D:3      | Found a sparkling altar of Nemelex Xobeh.
  2638 | D:3      | Found a glowing golden altar of the Shining One.
  2816 | D:4      | Slain by an orc priest

Illustrated notes

Levels and vault maps discovered:
D:1:      scummos_arrival_forest, layout_loops_ring, st_stairs_4
D:2:      layout_loops_corners, dreamdust_ecumenical_altar_drowned_temple,
          basic_altar
D:3:      layout_loops_ring, mainiacjoe_overflow_small_starburst,
          lemuel_round_altar, nemelex_spade_bored_becter, serial_aquarium,
          aquarium_bridge_square [aquarium_subvault_bridge,
          aquarium_subvault_bridge, aquarium_subvault_wall,
          aquarium_subvault_wall], aquarium_bridge_square
          [aquarium_subvault_bridge, aquarium_subvault_window,
          aquarium_subvault_bridge, aquarium_subvault_wall], aquarium_window_3,
          aquarium_window_1, aquarium_window_2, aquarium_window_fake,
          aquarium_view_2a, aquarium_balcony_5b
D:4:      layout_loops_ring

Skill      XL: |  1  2  3  4 |
---------------+-------------+-----
Stealth        | 3 4 |  4.2
Dodging        | |  2.6
Spellcasting   | |  2.4
Conjurations   | |  1.6
Earth Magic    | |  3.7

Action                     |  1- 3 |  4- 6 || total
---------------------------+-------+-------++-------
  Melee: Unarmed           |    19 |       ||    19
         Tentacles         |     7 |     4 ||    11
         Constrict         |     9 |     6 ||    15
         Dagger            |     5 |    12 ||    17
   Cast: Sandblast         |    41 |    31 ||    72
    Use: Scroll            |     1 |     1 ||     2
         Potion            |       |     1 ||     1
   Stab: Sleeping          |     5 |     1 ||     6
 Armour: Skin              |    17 |    12 ||    29
  Dodge: Dodged            |    24 |    11 ||    35
